PCL
DISTRICT 9 PRAWNS @ ALBUQUERQUE ISOTOPES
04/19/2029
 
TOP OF THE 1ST
District 9 Prawns batting - Pitching for Albuquerque Isotopes : RHP Steve Snyder
Pitching: RHP Steve Snyder
Batting: SHB José Estreito 0-0: Ball
1-0: Ball
2-0: Ball
3-0: Called Strike
3-1: Base on Balls
Batting: RHB José Colón 0-0: Ball
1-0: SINGLE (Flyball, 78S)
José Estreito to second
Batting: RHB Felipe Jareño 0-0: Ball
1-0: Called Strike
1-1: Ball
2-1: Ball
3-1: Foul Ball, location: 2F
3-2: Base on Balls
José Estreito to third
José Colón to second
Batting: LHB Terry Simpson 0-0: Called Strike
0-1: Ball
1-1: Grounds into double play, 5-4-3 (Groundball, 56)
José Estreito scores
José Colón to third
Batting: RHB Ron Glass 0-0: Swinging Strike
0-1: Ball
1-1: Called Strike
1-2: Ball
2-2: Ball
3-2: SINGLE (Groundball, 6MD)
José Colón scores
Batting: RHB Reynold Akker 0-0: Called Strike
0-1: Fly out, F4 (Popup, P)
Top of the 1st over - 2 runs, 2 hits, 0 errors, 1 left on base; District 9 2 - Albuquerque 0
BOTTOM OF THE 1ST
Albuquerque Isotopes batting - Pitching for District 9 Prawns : LHP Nelson Béltre
Pitching: LHP Nelson Béltre
Batting: LHB Wally Harris 0-0: Ground out 6-3 (Groundball, 6S)
Batting: SHB Edward Bartlett 0-0: Ball
1-0: Ball
2-0: Fly out, F8 (Flyball, 8LD)
Batting: LHB Burt Ward 0-0: Called Strike
0-1: Swinging Strike
0-2: Strikes out swinging
Bottom of the 1st over - 0 runs, 0 hits, 0 errors, 0 left on base; District 9 2 - Albuquerque 0
TOP OF THE 2ND
District 9 Prawns batting - Pitching for Albuquerque Isotopes : RHP Steve Snyder
Batting: RHB Gil Palmer 0-0: Ball
1-0: Ball
2-0: Called Strike
2-1: Ball
3-1: Base on Balls
Batting: RHB Boyd Pittman 0-0: Ball
1-0: Foul Ball, location: 2F
1-1: Ball
2-1: Ball
3-1: Foul Ball, location: 2F
3-2: Foul Ball, location: 2F
3-2: Grounds into double play, 5-4-3 (Groundball, 5)
Batting: RHB Alfredo Rangel 0-0: Ball
1-0: Swinging Strike
1-1: DOUBLE (Line Drive, 89XD)
Batting: SHB José Estreito 0-0: DOUBLE (Flyball, 8LXD)
Alfredo Rangel scores
Batting: RHB José Colón 0-0: Called Strike
0-1: Called Strike
0-2: Ball
1-2: Ball
2-2: Foul Ball, location: 2F
2-2: Ball
3-2: SINGLE (Line Drive, 78S)
José Estreito to third
José Estreito scores
Batting: RHB Felipe Jareño 0-0: Ball
1-0: Ball
2-0: Ball
3-0: Base on Balls
José Colón to second
Batting: LHB Terry Simpson 0-0: Called Strike
0-1: Called Strike
0-2: Ball
1-2: Foul Ball, location: 2F
1-2: Ball
2-2: Strikes out swinging
Top of the 2nd over - 2 runs, 3 hits, 0 errors, 2 left on base; District 9 4 - Albuquerque 0
BOTTOM OF THE 2ND
Albuquerque Isotopes batting - Pitching for District 9 Prawns : LHP Nelson Béltre
Batting: LHB Bernardo Montés 0-0: Ball
1-0: SINGLE (Flyball, 78S)
Batting: RHB Roberto Tobías 0-0: Ball
1-0: Called Strike
1-1: Fly out, F9 (Flyball, 9)
Batting: LHB Ken Nelson 0-0: Ball
1-0: Called Strike
1-1: Foul Ball, location: 2F
1-2: Strikes out swinging
Batting: LHB José González 0-0: Called Strike
0-1: Ball
1-1: Ball
2-1: Called Strike
2-2: Strikes out swinging
Bottom of the 2nd over - 0 runs, 1 hit, 0 errors, 1 left on base; District 9 4 - Albuquerque 0
TOP OF THE 3RD
District 9 Prawns batting - Pitching for Albuquerque Isotopes : RHP Steve Snyder
Batting: RHB Ron Glass 0-0: Ball
1-0: Swinging Strike
1-1: Ball
2-1: Ball
3-1: Foul Ball, location: 2F
3-2: Foul Ball, location: 2F
3-2: Foul Ball, location: 2F
3-2: Ground out 1-3 (Groundball, P)
Batting: RHB Reynold Akker 0-0: Ball
1-0: Ground out U3 (Groundball, 34)
Batting: RHB Gil Palmer 0-0: Foul Ball, location: 2F
0-1: DOUBLE (Groundball, 5L)
Pitching: RHP Wyatt Anderson
Batting: RHB Boyd Pittman 0-0: Ball
1-0: Hit by Pitch
Batting: RHB Alfredo Rangel 0-0: Called Strike
0-1: Ball
1-1: Ball
2-1: Swinging Strike
2-2: Ball
3-2: Base on Balls
Gil Palmer to third
Boyd Pittman to second
Batting: SHB José Estreito 0-0: Foul Ball, location: 2F
0-1: Fielders Choice at 2nd, 6-4 (Groundball, 6)
Top of the 3rd over - 0 runs, 1 hit, 0 errors, 3 left on base; District 9 4 - Albuquerque 0
BOTTOM OF THE 3RD
Albuquerque Isotopes batting - Pitching for District 9 Prawns : LHP Nelson Béltre
Batting: RHB Kelly Graham 0-0: Ball
1-0: Ball
2-0: Called Strike
2-1: Ball
3-1: SINGLE (Line Drive, 78S)
Batting: LHB Phil Neal 0-0: Ball
1-0: Ball
2-0: Called Strike
2-1: Ball
3-1: Foul Ball, location: 2F
3-2: Foul Ball, location: 2F
3-2: Fly out, F8 (Flyball, 8LM)
Batting: LHB Wally Harris 0-0: Ball
1-0: Foul Ball, location: 2F
1-1: Ball
2-1: Foul Ball, location: 2F
2-2: Strikes out swinging
Batting: SHB Edward Bartlett 0-0: Called Strike
Kelly Graham steals 2nd base
0-1: Ball
1-1: Ball
2-1: Ground out 6-3 (Groundball, 56)
Bottom of the 3rd over - 0 runs, 1 hit, 0 errors, 1 left on base; District 9 4 - Albuquerque 0
TOP OF THE 4TH
District 9 Prawns batting - Pitching for Albuquerque Isotopes : RHP Wyatt Anderson
Batting: RHB José Colón 0-0: SINGLE (Groundball, 6MD)
Batting: RHB Felipe Jareño 0-0: Called Strike
0-1: Foul Ball, location: 2F
0-2: Strikes out swinging
Batting: LHB Terry Simpson 0-0: Ball
1-0: Foul Ball, location: 2F
1-1: Ball
2-1: Ball
3-1: Foul Ball, location: 2F
3-2: Strikes out looking
Batting: RHB Ron Glass 0-0: Called Strike
0-1: Fly out, F8 (Flyball, 78XD)
Top of the 4th over - 0 runs, 1 hit, 0 errors, 1 left on base; District 9 4 - Albuquerque 0
BOTTOM OF THE 4TH
Albuquerque Isotopes batting - Pitching for District 9 Prawns : LHP Nelson Béltre
Batting: LHB Burt Ward 0-0: Fly out, F8 (Flyball, 8RD)
Batting: LHB Bernardo Montés 0-0: Ball
1-0: Fly out, F9 (Flyball, 89S)
Batting: RHB Roberto Tobías 0-0: Foul Ball, location: 2F
0-1: Ball
1-1: Called Strike
1-2: Foul Ball, location: 2F
1-2: Strikes out swinging
Bottom of the 4th over - 0 runs, 0 hits, 0 errors, 0 left on base; District 9 4 - Albuquerque 0
TOP OF THE 5TH
District 9 Prawns batting - Pitching for Albuquerque Isotopes : RHP Wyatt Anderson
Batting: RHB Reynold Akker 0-0: Swinging Strike
0-1: Ball
1-1: Called Strike
1-2: Ball
2-2: Ball
3-2: Strikes out swinging
Batting: RHB Gil Palmer 0-0: Ball
1-0: Called Strike
1-1: Foul Ball, location: 2F
1-2: Ground out 1-3 (Groundball, 15)
Batting: RHB Boyd Pittman 0-0: Ball
1-0: Called Strike
1-1: SINGLE (Groundball, 6MD)
Batting: RHB Alfredo Rangel 0-0: Ball
1-0: Swinging Strike
1-1: Ball
2-1: Ball
3-1: Called Strike
3-2: SINGLE (Flyball, 7S)
Boyd Pittman to second
Boyd Pittman to third
Batting: SHB José Estreito 0-0: Ball
1-0: Ball
2-0: Foul Ball, location: 2F
2-1: Swinging Strike
Error on foul ball, E3
2-2: Strikes out swinging
Top of the 5th over - 0 runs, 2 hits, 1 error, 2 left on base; District 9 4 - Albuquerque 0
BOTTOM OF THE 5TH
Albuquerque Isotopes batting - Pitching for District 9 Prawns : LHP Nelson Béltre
Batting: LHB Ken Nelson 0-0: Fly out, F8 (Flyball, 8LM)
Batting: LHB José González 0-0: Fly out, F9 (Flyball, 9S)
Batting: RHB Kelly Graham 0-0: Reached on error, E9 (Flyball, 89D)
Batting: LHB Phil Neal 0-0: Called Strike
0-1: Foul Ball, location: 2F
0-2: Strikes out looking
Bottom of the 5th over - 0 runs, 0 hits, 1 error, 1 left on base; District 9 4 - Albuquerque 0
TOP OF THE 6TH
District 9 Prawns batting - Pitching for Albuquerque Isotopes : RHP Wyatt Anderson
Batting: RHB José Colón 0-0: Ball
1-0: Ball
2-0: Called Strike
2-1: Foul Ball, location: 2F
2-2: Ground out 6-3 (Groundball, 6M)
Batting: RHB Felipe Jareño 0-0: Ball
1-0: Foul Ball, location: 2F
1-1: Ball
2-1: Ball
3-1: Swinging Strike
3-2: Base on Balls
Batting: LHB Terry Simpson 0-0: Ball
1-0: Ball
2-0: Called Strike
2-1: Ball
3-1: Base on Balls
Felipe Jareño to second
Batting: RHB Ron Glass 0-0: Foul Ball, location: 2F
0-1: Ball
1-1: Foul Ball, location: 2F
1-2: Strikes out swinging
Batting: RHB Reynold Akker 0-0: Ball
1-0: Foul Ball, location: 2F
1-1: Ball
2-1: Ground out 4-3 (Groundball, 4)
Top of the 6th over - 0 runs, 0 hits, 0 errors, 2 left on base; District 9 4 - Albuquerque 0
BOTTOM OF THE 6TH
Albuquerque Isotopes batting - Pitching for District 9 Prawns : LHP Nelson Béltre
Batting: LHB Wally Harris 0-0: Called Strike
0-1: Ball
1-1: Called Strike
1-2: Ball
2-2: Strikes out looking
Batting: SHB Edward Bartlett 0-0: Ball
1-0: Ball
2-0: Foul Ball, location: 2F
2-1: Swinging Strike
2-2: Strikes out looking
Batting: LHB Burt Ward 0-0: Called Strike
0-1: Foul Ball, location: 2F
0-2: Strikes out swinging
Bottom of the 6th over - 0 runs, 0 hits, 0 errors, 0 left on base; District 9 4 - Albuquerque 0
TOP OF THE 7TH
District 9 Prawns batting - Pitching for Albuquerque Isotopes : RHP Wyatt Anderson
Pitching: LHP Edmond Summers
Batting: RHB Gil Palmer 0-0: Fly out, F7 (Flyball, 7LS)
Batting: RHB Boyd Pittman 0-0: Called Strike
0-1: Foul Ball, location: 2F
0-2: SINGLE (Groundball, 34D)
Batting: RHB Alfredo Rangel 0-0: Swinging Strike
0-1: Ball
1-1: Swinging Strike
1-2: Ball
2-2: Fly out, F8 (Flyball, 78D)
Batting: SHB José Estreito 0-0: Called Strike
0-1: Swinging Strike
0-2: Foul Ball, location: 2F
0-2: Ball
1-2: Foul Ball, location: 2F
1-2: Strikes out looking
Top of the 7th over - 0 runs, 1 hit, 0 errors, 1 left on base; District 9 4 - Albuquerque 0
BOTTOM OF THE 7TH
Albuquerque Isotopes batting - Pitching for District 9 Prawns : LHP Nelson Béltre
Batting: LHB Bernardo Montés 0-0: Ball
1-0: Called Strike
1-1: Ball
2-1: Ball
3-1: Base on Balls
Batting: RHB Roberto Tobías 0-0: SINGLE (Line Drive, 6MD)
Bernardo Montés to second
Batting: LHB Ken Nelson 0-0: Called Strike
0-1: Fly out, F3 (Flyball, 3D)
Batting: LHB José González 0-0: Ball
1-0: Ball
2-0: Ball
3-0: Base on Balls
Bernardo Montés to third
Roberto Tobías to second
Batting: RHB Kelly Graham 0-0: Swinging Strike
0-1: Swinging Strike
0-2: Strikes out swinging
Batting: LHB Phil Neal 0-0: Called Strike
0-1: Ball
1-1: Ball
2-1: Called Strike
2-2: Ball
3-2: Base on Balls
Bernardo Montés scores
Roberto Tobías to third
José González to second
Pinch Hitting: SHB Manuel Hegnauer 0-0: Foul Ball, location: 2F
0-1: Ball
1-1: Fly out, F8 (Flyball, 78M)
Bottom of the 7th over - 1 run, 1 hit, 0 errors, 3 left on base; District 9 4 - Albuquerque 1
TOP OF THE 8TH
District 9 Prawns batting - Pitching for Albuquerque Isotopes : LHP Edmond Summers
Now at 2B: Jesse McKnight
Batting: RHB José Colón 0-0: Ball
1-0: Called Strike
1-1: Ball
2-1: SINGLE (Groundball, 6MD)
Batting: RHB Felipe Jareño 0-0: Ball
1-0: Ball
2-0: Foul Ball, location: 2F
2-1: Fly out, F9 (Flyball, 9)
Batting: LHB Terry Simpson 0-0: Swinging Strike
0-1: Ball
1-1: Ball
2-1: Swinging Strike
2-2: Strikes out swinging
Batting: RHB Ron Glass 0-0: Ball
1-0: Foul Ball, location: 2F
1-1: Called Strike
1-2: Foul Ball, location: 2F
1-2: Foul Ball, location: 2F
1-2: Strikes out swinging
Top of the 8th over - 0 runs, 1 hit, 0 errors, 1 left on base; District 9 4 - Albuquerque 1
BOTTOM OF THE 8TH
Albuquerque Isotopes batting - Pitching for District 9 Prawns : LHP Nelson Béltre
Batting: SHB Edward Bartlett 0-0: Called Strike
0-1: Ball
1-1: Ball
2-1: Called Strike
2-2: Ball
3-2: Strikes out looking
Batting: LHB Burt Ward 0-0: Ball
1-0: Called Strike
1-1: Foul Ball, location: 2F
1-2: Ball
2-2: Ball
3-2: Fly out, F7 (Flyball, 7S)
Batting: LHB Bernardo Montés 0-0: Ball
1-0: Called Strike
1-1: Swinging Strike
1-2: Strikes out swinging
Bottom of the 8th over - 0 runs, 0 hits, 0 errors, 0 left on base; District 9 4 - Albuquerque 1
TOP OF THE 9TH
District 9 Prawns batting - Pitching for Albuquerque Isotopes : LHP Edmond Summers
Batting: RHB Reynold Akker 0-0: Ball
1-0: Ball
2-0: Called Strike
2-1: Foul Ball, location: 2F
2-2: Ball
3-2: Strikes out looking
Batting: RHB Gil Palmer 0-0: Ground out 6-3 (Groundball, 6)
Batting: RHB Boyd Pittman 0-0: Ball
1-0: Ball
2-0: Ball
3-0: Called Strike
3-1: Base on Balls
Batting: RHB Alfredo Rangel 0-0: Swinging Strike
0-1: Foul Ball, location: 2F
0-2: Foul Ball, location: 2F
0-2: Ball
1-2: Ball
Boyd Pittman steals 2nd base
2-2: Ball
3-2: Foul Ball, location: 2F
3-2: Foul Ball, location: 2F
3-2: Fly out, F8 (Flyball, 8LM)
Top of the 9th over - 0 runs, 0 hits, 0 errors, 1 left on base; District 9 4 - Albuquerque 1
BOTTOM OF THE 9TH
Albuquerque Isotopes batting - Pitching for District 9 Prawns : LHP Nelson Béltre
Pitching: RHP Ignacio Morales
Batting: RHB Roberto Tobías 0-0: Ball
1-0: Ball
2-0: Ball
3-0: Called Strike
3-1: Base on Balls
Batting: LHB Ken Nelson 0-0: Called Strike
0-1: Ball
1-1: Foul Ball, location: 2F
1-2: Strikes out swinging
Batting: LHB José González 0-0: Ball
1-0: Swinging Strike
1-1: Foul Ball, location: 2F
1-2: Foul Ball, location: 2F
1-2: Strikes out looking
Batting: RHB Kelly Graham 0-0: Ball
1-0: Called Strike
1-1: Called Strike
1-2: Strikes out swinging
Bottom of the 9th over - 0 runs, 0 hits, 0 errors, 1 left on base; District 9 4 - Albuquerque 1
Saturday, December 16th, 2017 - OOTP Baseball 18.8 Build 76